 Seeded DCSS version 0.30-a0-23-ge60ba3568b (webtiles) character file.

Game seed: 15066806318322621083 (custom seed)

371 purpskrrrp the Sneak (level 6, -6/85 HPs)
             Began as a Naga Berserker on Aug 24, 2022.
             Was a Believer of Trog.
             Mangled by an ogre
             ... wielding a +0 giant spiked club
              (30 damage)
             ... on level 4 of the Dungeon.
             The game lasted 00:11:04 (5160 turns).

purpskrrrp the Sneak (Naga Berserker)               Turns: 5160, Time: 00:11:04

Health: -6/85      AC:  6    Str: 19    XL:     6   Next: 71%
Magic:  6/6        EV:  9    Int: 13    God:    Trog [**....]
Gold:   238        SH:  0    Dex: 13    Spells: 5/5 levels left

rFire   + . .      SeeInvis +    n - +8 long sword of the Shoals {drain, Fly rC+ Int+6}
rCold   . . .      Faith    .    (no shield)
rNeg    . . .      Spirit   .    o - +3 leather armour
rPois   +          Reflect  .    (no helmet)
rElec   .          Harm     .    (no cloak)
rCorr   .          Rampage  .    (no gloves)
Will    .....                    (no barding)
Stlth   ..........               (no amulet)
HPRegen 0.24/turn                e - ring of fire
MPRegen 0.10/turn                (no ring)

@: berserking, flying, quick
A: AC +2, large, see invisible, deformed body, poison resistance, slowness 2,
spit poison 1, naga tail 1
a: Spit Poison, Renounce Religion, Berserk, Trog's Hand


You were on level 4 of the Dungeon.
You worshipped Trog.
Trog was pleased with you.
You visited 1 branch of the dungeon, and saw 4 of its levels.

You collected 238 gold pieces.

Inventory:

Hand Weapons
 a - a +0 spear
 n - the +8 long sword of the Shoals (weapon) {drain, Fly rC+ Int+6}
   (You found it on level 3 of the Dungeon)

   A truly terrible weapon, it drains the life of any living foe it strikes.
   Int:       It affects your intelligence (+6).
   rC:        It protects you from cold.
   Fly:       It grants you flight.
Armour
 b - a +0 animal skin
 o - a +3 leather armour (worn)
Jewellery
 e - a ring of fire (left hand)
Wands
 c - a wand of polymorph (5)
Scrolls
 d - a scroll of torment {unknown}
 f - a scroll of brand weapon {unknown}
 h - 10 scrolls of identify {unknown}
 j - a scroll of noise {unknown}
 k - a scroll of teleportation {unknown}
 l - a scroll of magic mapping {unknown}
 m - a scroll of blinking {unknown}
 p - a scroll of vulnerability {unknown}
 q - 3 scrolls of immolation {unknown}
Potions
 g - 2 potions of mutation {unknown}
 i - a potion of brilliance {unknown}
 r - a potion of invisibility {unknown}


   Skills:
 + Level 4.2 Fighting
 * Level 2.0 Long Blades
 + Level 4.3 Polearms
 - Level 1.5 Armour
 - Level 1.5 Dodging
 * Level 6.7 Stealth


You had 5 spell levels left.
You didn't know any spells.
Your spell library was empty.

Dungeon Overview and Level Annotations

Branches:
Dungeon (4/15)
 Temple: D:4-7

Altars:


Innate Abilities, Weirdness & Mutations

Your serpentine skin is tough. (AC +2)
You have supernaturally acute eyesight. (SInv)
Armour fits poorly on your strangely shaped body.
Your system is resistant to poisons. (rPois)
You cover ground very slowly.
You can spit poison.
You have a snake-like lower body.


Message History

You slash the adder!
You kill the adder!
Trog accepts your kill.
Your Long Blades skill increases to level 2!
No target in view!
No target in view!
No target in view!
No target in view!
No target in view!
No target in view!
No target in view!
No target in view!
No target in view!
No target in view!
No target in view!
No target in view!
No target in view!
An ogre comes into view. It is wielding a +0 giant spiked club.
The ogre shouts!
You closely miss the ogre.
The ogre hits you with a +0 giant spiked club!!
You barely miss the ogre. The ogre barely misses you.
You hit the ogre.
The ogre is lightly wounded.
The ogre hits you with a +0 giant spiked club!
* * * LOW HITPOINT WARNING * * *
You are too injured to fight recklessly!
You are too injured to fight recklessly!
You are too injured to fight recklessly!
You are too injured to fight recklessly!
You are too injured to fight recklessly!
You are too injured to fight recklessly!
You are too injured to fight recklessly!
You are too injured to fight recklessly!
You are too injured to fight recklessly!
You are too injured to fight recklessly!
A red film seems to cover your vision as you go berserk!
You feel yourself moving faster!
You feel mighty!
The ogre hits you with a +0 giant spiked club!!
You die...

#.....#.# ######.#8...8
############.# #......##...#
.............#
#####......##...#
.#############
#...'......##...# .##........#
####.###......#8...8
..'........#
#....#........##...#
###........#
#.####^.............
#........###.#......#..........
#.######.....#@#....#....##....
#.# #.#...#O#....#....##....
#.# #.#.#.#.#....#....##....
#.# #.#.#.#.#....#....+.....
#.# #.#.#.#.#....#....##....
#.# #.#.#.#.#.####....##.##.
#.# ..#.#.#.#.# ###'#...... #.#
###.#.#.# #.#...### #.#......


You could see an ogre.

Vanquished Creatures
  An ogre (D:4)
  An orc priest (D:3)
  8 gnolls
  10 adders
  5 worms
  2 dart slugs
  5 orcs
  6 endoplasms
  A giant cockroach (D:1)
  11 goblins
  5 hobgoblins
  4 kobolds
  5 quokkas
  2 ball pythons
  6 bats
  2 frilled lizards
  5 rats
79 creatures vanquished.

Notes
Turn   | Place    | Note
-------+----------+-------------------------------------------
     0 | D:1      | purpskrrrp the Naga Berserker began the quest for the Orb.
     0 | D:1      | Reached XP level 1. HP: 21/21 MP: 1/1
    76 | D:1      | Reached skill level 1 in Stealth
   239 | D:1      | Reached XP level 2. HP: 19/28 MP: 2/2
   408 | D:1      | Reached skill level 2 in Stealth
   430 | D:1      | Found a faded altar of an unknown god.
  1086 | D:2      | Reached skill level 3 in Stealth
  1086 | D:2      | Reached XP level 3. HP: 13/34 MP: 3/3
  1612 | D:2      | Reached XP level 4. HP: 24/42 MP: 4/4
  1712 | D:2      | Reached skill level 4 in Stealth
  1957 | D:2      | Reached ** piety under Trog
  2712 | D:2      | Reached XP level 5. HP: 45/50 MP: 5/5
  2773 | D:2      | Reached skill level 5 in Stealth
  3553 | D:3      | Identified the +8 long sword of the Shoals {drain, Fly rC+
                  | Int+6}
  3700 | D:3      | Reached skill level 6 in Stealth
  4275 | D:4      | Reached skill level 1 in Long Blades
  4275 | D:4      | Reached XP level 6. HP: 56/57 MP: 6/6
  5160 | D:4      | Mangled by an ogre

Illustrated notes

Levels and vault maps discovered:
D:1:      nicolae_arrival_somewhat_less_tricky_arrival, layout_rooms,
          dreamdust_ecumenical_altar_angels_and_demons
D:2:      minmay_door_path, layout_loops_ring
D:3:      layout_basic
D:4:      layout_basic, corexii_hall_statues_x

Skill      XL: |  1  2  3  4  5  6 |
---------------+-------------------+-----
Stealth        | 1 3 4 6 |  6.7
Polearms       | 4 |  4.3
Fighting       | 4 |  4.2
Long Blades    | 1 2 |  2.0
Armour         | |  1.5
Dodging        | |  1.5

Action                   |  1- 3 |  4- 6 || total
-------------------------+-------+-------++-------
Melee: Spear             |   111 |    95 ||   206
       Punch             |     1 |     1 ||     2
       Long sword        |       |    60 ||    60
Invok: Berserk           |       |     2 ||     2
 Abil: Spit Poison       |     6 |    32 ||    38
  Use: Potion            |     1 |       ||     1
 Stab: Sleeping          |     6 |    12 ||    18
Armor: Animal skin       |    10 |    11 ||    21
       Leather armour    |       |    11 ||    11
Dodge: Dodged            |    37 |    69 ||   106

Table legend: (Time is in decaauts)
 A = Elapsed time spent in this place.
 B = Non-inter-level travel time spent in this place.
 C = Inter-level travel time spent in this place.
 D = Time resting spent in this place.
 E = Time spent auto-exploring this place.
 F = Levels seen in this place.
 G = Mean time per level.
                   A        B        C        D        E       F      G
               +--------+--------+--------+--------+--------+-----+--------+
         Total |   6199 |   5994 |    205 |   1318 |   3799 |   4 | 1549.8 |
       Dungeon |   6199 |   5994 |    205 |   1318 |   3799 |   4 | 1549.8 |
               +--------+--------+--------+--------+--------+-----+--------+

Top non-repeatable levels by time:
     D:2: 2354 daAuts
     D:3: 1379 daAuts
     D:1: 1267 daAuts
     D:4: 1198 daAuts
